AoeStats
← von.fan1li

Arena

505248955Analyzed
1v1 RM · 24d ago on Sep 8, 2026· 26m 23s· 2 players
Game mode
Random Map
Map size
Tiny (2 player)
Population
200
Speed
Normal
Resources
Standard
Victory
Conquest
Starting age
Dark Age
Ending age
Imperial Age
RankedLock teamsTeams togetherTeam positionsShared explorationLock speedFull tech treeHidden civsTurbo modeCheats
Victory
Defeat
🇨🇳 Celts · China
1296
+17
🇦🇹 Magyars · Austria
1309
-17
von.fan1li
9:09 Loom
11:26 Feudal Age
12:59 Double-Bit Axe
16:13 Castle Age
15:09 Gold Mining
18:33 Fletching
22:17 Scale Mail Armor
DisfunctionalTryHard
11:22 Feudal Age
15:03 Castle Age
12:52 Double-Bit Axe
13:24 Horse Collar
13:41 Gold Mining
16:41 Bow Saw
25:00 Loom
25:15 Fletching
Connection lost

Rejoining the realm…

Still unreachable

The connection could not be restored.

Session expired

The server has moved on; the page needs a fresh start.